 Dungeon Crawl Stone Soup version 0.30-a0-634-g8abc85282e (webtiles) character file.

Game seed: 2966002223095691422

9 holysushi the Caller (level 2, -2/20 HPs)
             Began as a Meteoran Summoner on Jan 14, 2023.
             Slain by a quokka (5 damage)
             ... on level 1 of the Dungeon.
             The game lasted 00:00:29 (78 turns).

holysushi the Caller (Meteoran Summoner)              Turns: 78, Time: 00:00:30

Health: -2/20      AC:  2    Str:  9    XL:     2   Next: 35%
Magic:  4/6        EV: 12    Int: 16    God:
Gold:   0          SH:  0    Dex: 14    Spells: 5/6 levels left

rFire   . . .      SeeInvis .    (no weapon)
rCold   . . .      Faith    .    (no shield)
rNeg    . . .      Spirit   .    a - +0 robe
rPois   .          Reflect  .    (no helmet)
rElec   .          Harm     .    (no cloak)
rCorr   .          Rampage  .    (no gloves)
Will    .....                    (no boots)
Stlth   +                        (no amulet)
HPRegen 0.23/turn                (no ring)
MPRegen 0.10/turn                (no ring)

@: glowing
A: sense surroundings 1, otherworldly, glowing, explore regen
a: no special abilities


You were on level 1 of the Dungeon.
You visited 1 branch of the dungeon, and saw 2 of its levels.

Inventory:

Armour
 a - a +0 robe (worn)
Potions
 b - a potion of magic


   Skills:
 + Level 2.7 Dodging
 + Level 1.6 Stealth
 + Level 2.9 Spellcasting
 + Level 5.0 Summonings


You had 5 spell levels left.
You knew the following spells:

 Your Spells              Type           Power      Damage    Failure   Level
a - Summon Small Mammal   Summ           72%        N/A       2%          1

Your spell library contained the following spells:

 Spells                   Type           Power      Damage    Failure   Level
 Call Imp                 Summ           18%        N/A       3%          2
 Call Canine Familiar     Summ           18%        N/A       7%          3
 Summon Guardian Golem    Hex/Summ       10%        N/A       21%         3
 Summon Lightning Spire   Summ/Air       10%        N/A       54%         4


Dungeon Overview and Level Annotations

Branches:
Dungeon (2/15) Zot: 1121

Altars:


Innate Abilities, Weirdness & Mutations

You passively map a small area around you.
You are easily found by Zot.
You glow in the dark.
You regain HP and MP as you explore.


Message History

Casting: Summon Small Mammal (safe; 2% risk of failure)
Confirm with . or Enter, or press ? or * to list all spells.
The adder bites you but does no damage.
Casting: Summon Small Mammal (safe; 2% risk of failure)
Confirm with . or Enter, or press ? or * to list all spells.
The adder bites you.
Your quokka closely misses the adder.
You closely miss the adder. The adder bites you.
You are poisoned.
The adder poisons you!
Your quokka bites the adder.
Your quokka barely misses the adder.
The adder misses you.
You hit the adder but do no damage.
The adder is heavily wounded.
You feel sick.
Your quokka misses the adder. The adder barely misses you.
Your quokka bites the adder.
You catch the helpless adder completely off-guard!
You hit the adder.
The adder is severely wounded.
You feel sick.
Your quokka misses the adder. The adder misses you.
Your quokka bites the adder.
The adder dies!
Your Summonings skill increases to level 5!
You have reached level 2!
You feel sick.
A quokka comes into view.
You feel sick.
You swap places.
You feel sick.
You feel sick.
You are no longer poisoned.
The helpless quokka fails to defend itself.
You hit the quokka but do no damage. The quokka bites you.
You hit the quokka but do no damage. The quokka bites you.
* * * LOW HITPOINT WARNING * * *
You closely miss the quokka.
Your quokka completely misses the quokka.
The quokka bites you.
* * * LOW HITPOINT WARNING * * *
Your quokka closely misses the quokka.
Your quokka bites the quokka but does no damage.
The quokka attacks as you move away! The quokka bites you.
You die...

* * ...# ### * ##. ,
.... .... ...##
*,...##...# #....
#.......,
*,....*##.#...#* * * ,
... ......,, * , ,,*
,,#.###rr###### * , *
*#....@r......, * * ###
* * #...######### , *
..### ######.#.........#
,*
....###.......>#######.#
<....##................#
*
#.....#..........#######
* #.....########...#*, ,
##.....#...# #...# * **
* #..#..#...# #...# * ,


You could see a quokka (ally target) and 2 friendly quokkas.

Vanquished Creatures (collateral kills)
  An adder (D:1)
1 creature vanquished.

Notes
Turn   | Place    | Note
-------+----------+-------------------------------------------
     0 | D:1      | holysushi the Meteoran Summoner began the quest for the
                  | Orb.
     0 | D:1      | Reached XP level 1. HP: 14/14 MP: 5/5
    71 | D:1      | Reached skill level 5 in Summonings
    71 | D:1      | Reached XP level 2. HP: 9/20 MP: 3/6
    78 | D:1      | Slain by a quokka

Illustrated notes

Levels and vault maps discovered:
D:1:      minmay_arrival_loop, layout_basic
D:2:      layout_basic

Skill      XL: |  1 |
---------------+----+-----
Summonings     | 5 |  5.0
Dodging        | |  2.7
Stealth        | |  1.6
Spellcasting   | |  2.9

Action                   || total
-------------------------++-------
Melee: Unarmed           ||     6
 Cast: Summon Small Mamm ||     2
 Stab: Distracted        ||     1
       Sleeping          ||     1
Armor: Robe              ||     1
Dodge: Dodged            ||     4

Table legend: (Time is in decaauts)
 A = Elapsed time spent in this place.
 B = Non-inter-level travel time spent in this place.
 C = Inter-level travel time spent in this place.
 D = Time resting spent in this place.
 E = Time spent auto-exploring this place.
 F = Levels seen in this place.
 G = Mean time per level.
                   A        B        C        D        E       F      G
               +--------+--------+--------+--------+--------+-----+--------+
         Total |     78 |     78 |      0 |      0 |      0 |   2 |   39.0 |
       Dungeon |     78 |     78 |      0 |      0 |      0 |   2 |   39.0 |
               +--------+--------+--------+--------+--------+-----+--------+

Top non-repeatable levels by time:
     D:1: 76 daAuts
     D:2: 1 daAuts
